 Dungeon Crawl Stone Soup version 0.25-a0-547-g27a0b5d1ef (webtiles) character file.

Game seed: 9624351829232495605, levelgen mode: deterministic

56 vurker the Gusty (level 3, 0/23 HPs)
             Began as an Octopode Air Elementalist on Feb 21, 2020.
             Succumbed to a kobold's poison
             ... on level 2 of the Dungeon.
             The game lasted 00:03:36 (2738 turns).

vurker the Gusty (Octopode Air Elementalist)        Turns: 2738, Time: 00:03:37

Health: 0/23       AC:  1    Str: 12    XL:     3   Next: 97%
Magic:  1/6        EV: 12    Int: 18    God:
Gold:   64         SH:  3    Dex: 12    Spells: 6/7 levels left

rFire    . . .     SeeInvis .   (no weapon)
rCold    . . .     Gourm    .   k - +0 buckler (curse)
rNeg     . . .     Faith    .   (helmet restricted)
rPois    .         Spirit   .   (no amulet)
rElec    .         Reflect  .   (no ring)
rCorr    .         Harm     .   (no ring)
MR       .....                  (no ring)
Stlth    +++.......             (no ring)
HPRegen  0.07/turn              (no ring)
MPRegen  0.10/turn              (no ring)
                                (no ring)
                                (no ring)

@: mighty, lethally poisoned (0 -> -3), berserk cooldown, slowed, very slow
A: almost no armour, stealthy swim, amphibious, 8 rings, constrict 8, camouflage
1, gelatinous body 1
a: no special abilities


You were on level 2 of the Dungeon.
You were not hungry.

You visited 1 branch of the dungeon, and saw 3 of its levels.

You collected 64 gold pieces.

Inventory:

Armour
 k - a cursed +0 buckler (worn)
   (You found it on level 2 of the Dungeon)
Scrolls
 c - a scroll of magic mapping
 g - 4 scrolls of teleportation
 j - a scroll of random uselessness {unknown}
Potions
 a - 2 potions of heal wounds
 b - a potion of might
 d - a potion of ambrosia
 i - a potion of curing {unknown}
Comestibles
 e - 3 rations


   Skills:
 + Level 1.0 Fighting
 - Level 2.0 Dodging
 - Level 2.6 Stealth
 * Level 0.6 Shields
 * Level 2.6 Spellcasting
 + Level 1.7 Conjurations
 * Level 3.5 Air Magic


You had 6 spell levels left.
You knew the following spells:

 Your Spells              Type           Power        Failure   Level  Hunger
a - Shock                 Conj/Air       ##..         9%          1    #......

Your spell library contained the following spells:

 Spells                   Type           Power        Failure   Level  Hunger
 Swiftness                Chrm/Air       #.......     19%         2    ##.....
 Static Discharge         Conj/Air       ##......     26%         3    ###....
 Airstrike                Air            ###.......   52%         4    #####..
 Lightning Bolt           Conj/Air       ##........   94%         5    ######.


Dungeon Overview and Level Annotations

Branches:
Dungeon (3/15)

Altars:

Annotations:
D:3 Jessica, Sigmund


Innate Abilities, Weirdness & Mutations

You cannot wear most types of armour.
You are very stealthy in the water. (Stealth+)
You are amphibious.
You can wear up to eight rings at the same time.
You can use your tentacles to constrict eight enemies at once.
Your skin changes colour to match your surroundings (Stealth+).
Your rubbery body absorbs attacks. (AC +1, EV +1)


Message History

You are poisoned.
There is a stone staircase leading up here.
You see here a poisoned dart.
The zap misses the kobold.
The zap hits the kobold.
You feel sick.
The kobold throws a poisoned dart.
The poisoned dart misses you. The kobold barely misses you.
The zap hits the kobold. x2
You kill the kobold!
You feel sick.
The kobold throws a poisoned dart.
The poisoned dart barely misses you.
Aim: a kobold, wielding a +0 club and quivering 5 poisoned darts The zap hits the kobold.
You kill the kobold!
You can't see any susceptible monsters within range! (Use Z to cast anyway.)
You can't see any susceptible monsters within range! (Use Z to cast anyway.)
You can't see any susceptible monsters within range! (Use Z to cast anyway.) Jessica the Apprentice Sorceress comes into view.
Aim: Jessica, wearing a +0 robe The zap hits Jessica.
You feel sick.
A kobold comes into view.
Aim: Jessica, wearing a +0 robe (lightly wounded)
The zap misses Jessica.
Aim: Jessica, wearing a +0 robe (lightly wounded)
The zap misses Jessica.
You feel sick.
You don't have enough magic to cast that spell.
Jessica points at you and mumbles some strange words.
Pain shoots through your body!
Ouch! That really hurt!
* * * LOW HITPOINT WARNING * * *
You climb upwards.
There is a stone staircase leading down here.
It was a potion of might.
You feel very mighty all of a sudden.
* * * LOW HITPOINT WARNING * * *
You feel sick.
It was a potion of berserk rage.
A red film seems to cover your vision as you go berserk!
You feel yourself moving faster!
You feel mighty!
Unknown command.
You are too berserk!
Unknown command.
You are too berserk!
There is a lethal amount of poison in your body!
There is a lethal amount of poison in your body!
You feel a strong urge to attack something.
You feel your anger nearly subside.
You are no longer berserk.
You are exhausted.
You feel yourself slow down.
You die...

#.# #........#.# #... #.#
#........#.##########... #.#
#........#.#.......##... #.#
#........#.#...[........ #.#
#........#.#............ #.#
####........#.#............ #.#
#.....##.#.##.#.......##.#.
#.#####.....##.#.##.#.......##.#.
................@.......(...##.##
#######.....###..#......###.##.##
#.....# #..#......# #..#...
#.....# #..#......####.#...
#.....# #..#........##.....
####### #..#........###(...
#..##.##....# #..##
#..##.##....####.##
#########..##.............#


There were no monsters in sight!

Vanquished Creatures
  2 oozes (D:1)
  A worm (D:2)
  2 dart slugs
  A leopard gecko (D:1)
  A ball python (D:1)
  2 bats (D:1)
  2 giant cockroaches
  4 goblins (D:1)
  4 hobgoblins
  4 jackals (D:2)
  4 frilled lizards
  6 kobolds
  3 rats (D:1)
36 creatures vanquished.

Notes
Turn   | Place    | Note
-------+----------+-------------------------------------------
     0 | D:1      | vurker the Octopode Air Elementalist began the quest for
                  | the Orb.
     0 | D:1      | Reached XP level 1. HP: 11/11 MP: 3/3
   153 | D:1      | Reached XP level 2. HP: 17/17 MP: 1/5
   836 | D:1      | Reached XP level 3. HP: 16/22 MP: 0/6
  1231 | D:1      | Reached skill level 1 in Fighting
  2667 | D:3      | Noticed Sigmund
  2727 | D:3      | Noticed Jessica
  2733 | D:2      | HP: 1/23 [poisoned by a kobold]
  2738 | D:2      | Succumbed to a kobold's poison

Levels and vault maps discovered:
D:1:      sevenhm_arrival_forest_fort_small_3, layout_basic
D:2:      layout_basic
D:3:      layout_rooms, lightli_sewer_entry_pipes, cheibrodos_gnoll_hut,
          uniq_grinder, uniq_sigmund, uniq_jessica

Skill      XL: |  1  2  3 |
---------------+----------+-----
Fighting       | 1 |  1.0
Dodging        | |  2.0
Stealth        | |  2.6
Shields        | |  0.6
Spellcasting   | |  2.6
Conjurations   | |  1.7
Air Magic      | |  3.5

Action                   || total
-------------------------++-------
Melee: Unarmed           ||    54
       Constrict         ||    10
       Tentacles         ||     5
 Cast: Shock             ||    73
  Use: Scroll            ||     8
       Potion            ||     2
 Stab: Sleeping          ||     4
  Eat: Chunk             ||     6
Armor: Skin              ||     2
Dodge: Dodged            ||    44
Block: Buckler           ||     5

Table legend:
 A = Non-vault XP
 B = Vault XP
 C = Vault XP percentage of total XP
 D = Non-vault monster count
 E = Vault monster count
 F = Vault count percentage of total count
                 A         B        C        D         E       F
            +---------+---------+-------+---------+---------+-------
      Total |      81 |       0 |   0.0 |      36 |       0 |   0.0
            +---------+---------+-------+---------+---------+-------
        D:1 |      51 |       0 |   0.0 |      23 |       0 |   0.0
        D:2 |      22 |       0 |   0.0 |       9 |       0 |   0.0
        D:3 |       8 |       0 |   0.0 |       4 |       0 |   0.0
            +---------+---------+-------+---------+---------+-------
